 Dungeon Crawl Stone Soup version 0.30-a0-578-gdee14c521f (webtiles) character file.

Game seed: 9744097814470546575

7 Newt the Ducker (level 1, -2/16 HPs)
             Began as a Demonspawn Gladiator on Dec 31, 2022.
             Slain by a rat (3 damage)
             ... on level 1 of the Dungeon.
             The game lasted 00:00:10 (73 turns).

Newt the Ducker (Demonspawn Gladiator)                Turns: 73, Time: 00:00:11

Health: -2/16      AC:  4    Str: 14    XL:     1   Next: 91%
Magic:  1/1        EV: 12    Int:  9    God:
Gold:   10         SH:  0    Dex: 14    Spells: 0/0 levels left

rFire   . . .      SeeInvis .    a - +0 rapier
rCold   . . .      Faith    .    (no shield)
rNeg    . . .      Spirit   .    b - +0 leather armour
rPois   .          Reflect  .    c - +0 helmet
rElec   .          Harm     .    (no cloak)
rCorr   .          Rampage  .    (no gloves)
Will    .....                    (no boots)
Stlth   ++                       (no amulet)
HPRegen 0.22/turn                (no ring)
MPRegen 0.07/turn                (no ring)

@: no status effects
A: no striking features
a: no special abilities


You were on level 1 of the Dungeon.
You visited 1 branch of the dungeon, and saw 1 of its levels.

You collected 10 gold pieces.

Inventory:

Hand Weapons
 a - a +0 rapier (weapon)
Missiles
 d - 3 throwing nets (quivered)
 e - a javelin
Armour
 b - a +0 leather armour (worn)
 c - a +0 helmet (worn)
Potions
 f - a potion of haste {unknown}


   Skills:
 - Level 2.0 Fighting
 - Level 2.6 Short Blades
 - Level 1.7 Throwing
 - Level 2.6 Dodging
 + Level 1.6 Stealth


You couldn't memorise any spells.
You didn't know any spells.
Your spell library was empty.

Dungeon Overview and Level Annotations

Branches:
Dungeon (1/15)

Altars:


Message History

You are too injured to fight recklessly!
You are too injured to fight recklessly!
Unknown command.
The kobold hits you with a +0 club.
You hit the kobold.
You kill the kobold!
The dart slug launches a dart at you. The slug dart misses you.
The dart slug launches a dart at you. The slug dart hits you.
A rat comes into view.
Things that are here:
a +0 club; a kobold corpse You hit the dart slug.
You punch the dart slug.
The dart slug is heavily wounded.
The dart slug barely misses you.
You hit the dart slug.
The dart slug is severely wounded.
You hit the dart slug.
The dart slug is almost dead.
The dart slug launches a dart at you. The slug dart hits you.
* * * LOW HITPOINT WARNING * * *
The rat bites you but does no damage.
You hit the rat but do no damage. The dart slug launches a dart at you.
The slug dart hits you.
* * * LOW HITPOINT WARNING * * *
The rat bites you but does no damage.
You hit the rat. You punch the rat.
You kill the rat!
You hit the dart slug but do no damage.
The dart slug is almost dead.
The dart slug barely misses you.
You barely miss the dart slug.
The dart slug is almost dead.
The dart slug bites you but does no damage.
The rat twitches its whiskers.
The rat bites you.
You die...

..###. ... ...... .. #
....... .. .
############.... .# .#
.........#.##..###.##...
..##..##.#..##..........
.........#..............
..######.#....#.@r......
.........#...#...w......
########)#...#.####.....
#........#...# ....
.............## ...
#............... ##
............####
#...........#
#...........#


You could see a dart slug and a rat.

Vanquished Creatures
  2 giant cockroaches (D:1)
  A goblin (D:1)
  2 kobolds (D:1)
  A frilled lizard (D:1)
  A rat (D:1)
7 creatures vanquished.

Notes
Turn   | Place    | Note
-------+----------+-------------------------------------------
     0 | D:1      | Newt the Demonspawn Gladiator began the quest for the Orb.
     0 | D:1      | Reached XP level 1. HP: 16/16 MP: 1/1
    30 | D:1      | Reached skill level 1 in Stealth
    73 | D:1      | Slain by a rat

Illustrated notes

Levels and vault maps discovered:
D:1:      dpeg_arrival_line_fractal, layout_rooms, dreamdust_princess_bridge

Skill      XL: |  1 |
---------------+----+-----
Stealth        | 1 |  1.6
Fighting       | |  2.0
Short Blades   | |  2.6
Throwing       | |  1.7
Dodging        | |  2.6

Action                   || total
-------------------------++-------
Melee: Rapier            ||    31
       Punch             ||     2
Armor: Leather armour    ||     8
Dodge: Dodged            ||    18

Table legend: (Time is in decaauts)
 A = Elapsed time spent in this place.
 B = Non-inter-level travel time spent in this place.
 C = Inter-level travel time spent in this place.
 D = Time resting spent in this place.
 E = Time spent auto-exploring this place.
 F = Levels seen in this place.
 G = Mean time per level.
                   A        B        C        D        E       F      G
               +--------+--------+--------+--------+--------+-----+--------+
         Total |     75 |     75 |      0 |      0 |     33 |   1 |   75.0 |
       Dungeon |     75 |     75 |      0 |      0 |     33 |   1 |   75.0 |
               +--------+--------+--------+--------+--------+-----+--------+

Top non-repeatable levels by time:
     D:1: 75 daAuts
